AoeStats
← ffff

Oasis

509609307Analyzed
4v4 RM · 5d ago on Sep 27, 2026· 30m 47s· 8 players
Game mode
Random Map
Map size
Large (8 player)
Population
200
Speed
Normal
Resources
Standard
Victory
Conquest
Starting age
Dark Age
Ending age
Imperial Age
RankedLock teamsTeams togetherTeam positionsShared explorationLock speedFull tech treeHidden civsTurbo modeCheats
Victory
Defeat
🇭🇰 Persians · Hong Kong SAR China
1387
+16
🇧🇷 Hindustanis · Brazil
1362
+17
🇬🇧 Britons · United Kingdom
1342
+18
🇨🇳 Italians · China
1329
+19
🇨🇳 Khitans · China
1410
-18
🇺🇸 Ethiopians · United States
1404
-18
🇻🇳 Koreans · Vietnam
1394
-18
🇨🇳 Cumans · China
1344
-16
ffff
6:17 Loom
9:19 Feudal Age
9:44 Horse Collar
9:51 Double-Bit Axe
13:50 Scale Barding Armor
15:35 Forging
21:53 Castle Age
19:49 Gold Mining
20:43 Bloodlines
22:50 Bow Saw
23:18 Iron Casting
23:04 Chain Barding Armor
22:45 Heavy Plow
26:49 Husbandry
27:47 Wheelbarrow
30:57 Hand Cart
Luca
6:53 Loom
10:13 Feudal Age
12:03 Double-Bit Axe
15:04 Gold Mining
16:02 Fletching
17:58 Padded Archer Armor
23:28 Castle Age
23:31 Crossbowman
24:25 Bodkin Arrow
七七2025
6:58 Loom
9:26 Feudal Age
10:02 Double-Bit Axe
12:14 Horse Collar
17:15 Wheelbarrow
17:26 Fletching
17:38 Padded Archer Armor
22:45 Stone Mining
22:47 Gold Mining
26:48 Castle Age
26:54 Crossbowman
27:33 Bodkin Arrow
27:04 Pikeman
33:37 Imperial Age
EBE_3
8:44 Feudal Age
9:39 Double-Bit Axe
10:12 Horse Collar
15:04 Bloodlines
22:11 Castle Age
20:42 Scale Barding Armor
20:48 Forging
22:06 Gold Mining
23:10 Chain Barding Armor
22:30 Light Cavalry
23:10 Husbandry
23:23 Bow Saw
23:14 Heavy Plow
23:08 Loom
25:07 Gold Shaft Mining
25:11 Wheelbarrow
26:19 Iron Casting
27:57 Hand Cart
FlyingSaucer_
5:58 Loom
9:04 Feudal Age
10:23 Double-Bit Axe
12:36 Fletching
14:04 Horse Collar
17:09 Padded Archer Armor
23:43 Castle Age
22:32 Gold Mining
23:46 Crossbowman
24:21 Bodkin Arrow
25:50 Ballistics
27:12 Gold Shaft Mining
27:50 Leather Archer Armor
28:06 Thumb Ring
笑春风
8:37 Loom
10:41 Feudal Age
12:30 Double-Bit Axe
13:26 Horse Collar
RoadTo1100
10:56 Feudal Age
11:25 Double-Bit Axe
12:37 Loom
13:22 Horse Collar
16:40 Castle Age
14:55 Stone Mining
17:39 Bow Saw
21:38 Fletching
24:13 Bodkin Arrow
28:09 Wheelbarrow
29:13 Hand Cart
28:56 Gold Mining
战歌
11:04 Feudal Age
15:59 Castle Age
15:03 Double-Bit Axe
16:56 Light Cavalry
20:20 Gold Mining
20:32 Domestication
21:56 Forging
22:06 Husbandry
22:39 Scale Barding Armor
26:54 Iron Casting
Connection lost

Rejoining the realm…

Still unreachable

The connection could not be restored.

Session expired

The server has moved on; the page needs a fresh start.